Map: King's Cove LE

Players

Lambo - Winner!

  • Race: Zerg Zerg
  • Spawn Location: 5:00

Elazer

  • Race: Zerg Zerg
  • Spawn Location: 11:00

Event: 2019 WCS Winter Europe

VOD

Have the link to the VOD?

Description

Time

  • Played on: April 7, 2019, 11:25 a.m.
  • Length: 11:53

All games in this series

Show
View Real Time Build Order
Export as new Build Order

Lambo Zerg - Winner!

Build Orders: Hatch First, Zergling Baneling 

Get SALT Encoding   

  12  0:00  Drone  
  13  0:12  Overlord  
  13  0:17  Drone  
  14  0:31  Drone x2  
  16  0:49  Hatchery  
  15  0:51  Drone  
  15  0:56  Drone  
  17  0:59  Drone  
  17  1:02  Extractor  
  17  1:15  Spawning Pool  
  17  1:18  Drone  
  17  1:21  Drone  
  18  1:28  Drone  
  19  1:39  Drone  
  20  1:49  Drone  
  21  2:02  Queen x2, Drone  
  21  2:03  Metabolic Boost  
  26  2:09  Overlord  
  26  2:13  Zergling x2  
  27  2:16  Drone  
  28  2:29  Drone x2  
  30  2:34  Drone, Zergling x2  
  32  2:41  Hatchery  
  32  2:44  Zergling x2  
  32  2:49  Overlord  
  32  2:55  Baneling Nest  
  32  2:56  Zergling x2  
  32  2:58  Zergling x2  
  33  3:06  Zergling x4  
  35  3:16  Drone x2  
  35  3:17  Zergling x2  
  35  3:18  Overlord  
  39  3:20  Drone  
  39  3:21  Drone  
  39  3:23  Drone  
  41  3:27  Drone  
  42  3:34  Drone  
  42  3:36  Drone  
  42  3:39  Baneling x2  
  42  3:43  Drone x2  
  42  3:44  Drone  
  42  3:46  Drone  
  42  3:48  Baneling x2  
  46  3:52  Evolution Chamber  
  45  3:55  Drone  
  45  3:56  Drone x3  
  45  3:59  Drone x2  
  51  4:06  Queen, Overlord  
  51  4:09  Zergling x2  
  54  4:14  Overlord  
  53  4:20  Overlord  
  53  4:21  Zergling x6  
  53  4:23  Extractor, Zergling x2  
  56  4:24  Zergling x2  
  56  4:29  Zergling x6  
  60  4:33  Zergling x4  
  62  4:39  Zergling x4  
  62  4:44  Zergling x2  
  65  4:47  Zergling x4  
  65  4:51  Zergling x6  
  70  4:55  Zergling x6  
  70  4:59  Baneling x8  
  73  5:01  Zergling x6  
  73  5:05  Zergling x2  
  76  5:08  Zergling x2  
  76  5:12  Zergling x2  
  77  5:20  Zergling x6  
  79  5:23  Zergling x4  
  79  5:24  Overlord  
  78  5:30  Zergling x10  
  78  5:33  Overlord  
  76  5:36  Zergling x6  
  76  5:43  Zergling x4  
  76  5:47  Zergling x2  
  76  5:49  Baneling x2  
  72  5:53  Zergling x2  
  72  5:54  Zergling x2  
  72  5:55  Zergling x2  
  73  5:58  Zerg Missile Weapons Level 1  
  73  5:59  Roach Warren  
  62  6:05  Zergling x4  
  62  6:08  Drone  
  62  6:09  Lair  
  64  6:15  Drone x2  
  64  6:17  Drone  
  66  6:23  Queen, Drone x9  
  77  6:27  Drone  
  77  6:29  Drone  
  77  6:31  Drone  
  77  6:37  Drone, Baneling x2  
  78  6:41  Extractor, Drone  
  78  6:45  Drone  
  79  6:47  Extractor  
  79  6:49  Drone x2  
  79  6:51  Drone x2  
  79  6:52  Extractor, Drone x2  
  79  6:53  Drone  
  84  6:55  Drone x2  
  84  6:56  Hatchery  
  84  6:57  Drone  
  84  6:59  Drone x2  
  87  7:03  Drone  
  87  7:04  Drone  
  87  7:06  Drone  
  84  7:10  Drone  
  84  7:14  Extractor, Roach  
  82  7:16  Glial Reconstitution  
  82  7:19  Evolution Chamber  
  82  7:20  Roach x5  
  91  7:24  Roach x3  
  97  7:30  Overlord  
  97  7:31  Overlord  
  97  7:33  Overlord  
  97  7:34  Pneumatized Carapace  
  97  7:35  Overlord  
  97  7:38  Overlord  
  97  7:45  Overlord  
  97  7:49  Roach x4  
  105  7:53  Zerg Missile Weapons Level 2  
  105  7:54  Roach  
  105  7:55  Roach x2  
  105  7:57  Roach x2  
  114  8:04  Overseer  
  114  8:05  Roach x4  
  122  8:09  Overseer  
  122  8:12  Roach x3  
  128  8:17  Roach  
  128  8:18  Roach x3  
  136  8:23  Drone  
  136  8:26  Drone  
  142  8:27  Roach x2  
  142  8:28  Nydus Network  
  142  8:30  Roach x2  
  145  8:34  Roach  
  145  8:35  Roach x2  
  145  8:36  Ravager  
  152  8:41  Overlord  
  152  8:43  Overlord x2  
  152  8:45  Overlord  
  152  8:46  Overlord, Overseer  
  152  8:50  Overlord  
  152  8:56  Overlord  
  152  8:58  Hydralisk Den  
  152  9:01  Roach x3  
  156  9:04  Drone x4  
  156  9:07  Drone x2  
  162  9:12  Roach  
  162  9:13  Roach x2  
  162  9:14  Drone x2  
  170  9:19  Zerg Ground Armor Level 1  
  170  9:22  Spore Crawler  
  170  9:24  Roach x2  
  173  9:29  Hydralisk x3  
  179  9:32  Spore Crawler  
  179  9:34  Muscular Augments, Spore Crawler  
  179  9:37  Hydralisk  
  179  9:38  Hydralisk  
  181  9:40  Ravager x2  
  181  9:43  Hydralisk x2  
  181  9:45  Spore Crawler  
  186  9:47  Hydralisk  
  188  9:53  Overseer, Hydralisk x2  
  188  9:57  Hydralisk x2  
  196  10:03  Extractor  
  196  10:04  Hydralisk x2  
  199  10:12  Ravager  
  200  10:15  Overlord  
  200  10:17  Nydus Canal  
  200  10:20  Overlord  
  200  10:23  Overlord  
  200  10:25  Overlord  
  200  10:26  Overlord  
  199  10:30  Roach  
  199  10:33  Hydralisk  
  195  10:36  Roach x2  
  195  10:40  Roach, Hydralisk  
  195  10:41  Roach x5  
  195  10:42  Hydralisk x5  
  191  10:45  Nydus Canal  
  191  10:47  Roach  
  179  10:50  Roach x2  
  179  10:51  Hydralisk  
  179  10:54  Roach  
  179  10:55  Roach  
  176  10:58  Roach  
  176  10:59  Roach x2  
  176  11:01  Roach  
  176  11:03  Hydralisk  
  178  11:05  Roach  
  178  11:07  Roach  
  178  11:08  Roach  
  178  11:11  Roach  
  178  11:15  Roach x3  
  178  11:16  Roach  
  178  11:17  Roach  
  180  11:20  Roach  
Show
View Real Time Build Order
Export as new Build Order

Elazer Zerg 

Build Orders: Hatch First 

Get SALT Encoding   

  12  0:00  Drone  
  13  0:12  Overlord  
  13  0:17  Drone  
  14  0:31  Drone x2  
  16  0:49  Hatchery  
  15  0:52  Drone  
  15  0:56  Drone  
  17  0:59  Drone  
  18  1:10  Extractor  
  17  1:14  Spawning Pool  
  17  1:18  Drone  
  17  1:21  Drone  
  18  1:28  Drone  
  19  1:39  Drone  
  20  1:49  Drone  
  21  1:59  Overlord  
  21  2:01  Queen x2  
  23  2:02  Drone  
  26  2:10  Metabolic Boost  
  26  2:11  Drone  
  26  2:14  Zergling x2  
  28  2:22  Drone  
  29  2:23  Drone  
  30  2:32  Drone  
  30  2:33  Drone  
  32  2:41  Hatchery  
  31  2:45  Zergling x2  
  31  2:47  Drone  
  33  2:52  Baneling Nest  
  33  2:55  Overlord  
  33  2:58  Drone  
  33  3:08  Zergling x4  
  34  3:15  Zergling x2  
  34  3:19  Drone  
  36  3:20  Drone x3  
  36  3:23  Zergling x2  
  36  3:24  Zergling x2  
  36  3:26  Queen  
  43  3:29  Overlord  
  43  3:38  Zergling x2  
  42  3:43  Zergling x4  
  42  3:47  Baneling  
  43  3:53  Overlord  
  43  3:55  Drone x6  
  49  3:57  Drone  
  49  4:02  Queen  
  52  4:03  Drone  
  52  4:06  Drone  
  52  4:08  Drone, Evolution Chamber  
  54  4:14  Overlord  
  54  4:17  Drone  
  54  4:22  Lair  
  55  4:24  Drone  
  55  4:25  Drone  
  55  4:26  Drone  
  58  4:33  Drone, Roach Warren  
  58  4:34  Zerg Missile Weapons Level 1  
  58  4:35  Drone  
  58  4:37  Drone x2  
  61  4:39  Drone  
  61  4:41  Drone  
  63  4:45  Drone x3  
  63  4:47  Drone  
  63  4:51  Zergling x4  
  69  4:55  Baneling x2  
  69  4:56  Baneling  
  69  4:57  Baneling  
  69  4:59  Zergling x2  
  69  5:02  Overlord  
  69  5:04  Extractor, Zergling x6  
  69  5:05  Extractor, Zergling x2  
  70  5:14  Overlord  
  70  5:16  Drone x4  
  70  5:17  Baneling x2  
  70  5:20  Queen, Overlord  
  72  5:30  Baneling  
  68  5:36  Roach  
  68  5:38  Zergling x2, Roach  
  68  5:39  Zergling x12  
  72  5:44  Zergling x2  
  72  5:45  Zergling x2  
  58  5:53  Zergling x10  
  49  5:59  Queen  
  49  6:00  Zergling x2  
  48  6:09  Overlord  
  47  6:11  Drone x2  
  47  6:12  Drone  
  47  6:14  Drone  
  47  6:17  Drone  
  52  6:22  Baneling  
  52  6:30  Drone x6  
  55  6:33  Drone  
  55  6:38  Drone  
  57  6:41  Drone  
  57  6:45  Drone x2  
  60  6:47  Glial Reconstitution  
  60  6:49  Overseer  
  60  6:52  Drone  
  61  6:54  Drone  
  61  7:00  Roach x2  
  66  7:07  Roach x3  
  66  7:12  Drone x3  
  65  7:15  Overlord  
  65  7:17  Drone  
  65  7:18  Drone  
  65  7:20  Drone  
  65  7:21  Drone  
  65  7:22  Drone  
  70  7:24  Drone  
  70  7:26  Drone  
  70  7:27  Drone  
  70  7:29  Drone  
  74  7:30  Drone  
  74  7:33  Drone  
  74  7:35  Extractor, Drone  
  74  7:36  Extractor  
  75  7:39  Overseer  
  75  7:40  Drone  
  75  7:43  Extractor  
  76  7:44  Drone  
  76  7:45  Drone  
  76  7:47  Drone x3  
  80  7:52  Drone x2  
  80  7:54  Spire  
  80  7:57  Drone x3  
  80  7:58  Drone x2  
  86  8:01  Drone x2  
  88  8:06  Drone  
  88  8:08  Drone  
  88  8:09  Drone  
  88  8:12  Ravager  
  92  8:17  Overlord  
  92  8:25  Zerg Missile Weapons Level 2  
  92  8:26  Roach x3  
  98  8:28  Hatchery, Overlord  
  98  8:30  Roach  
  98  8:32  Roach  
  101  8:35  Roach x2  
  101  8:38  Overlord  
  101  8:40  Overlord  
  101  8:41  Roach  
  107  8:45  Roach x3  
  113  8:53  Overlord  
  113  8:54  Roach x4  
  121  8:58  Overlord  
  121  8:59  Roach x2  
  121  9:02  Roach x2  
  129  9:05  Roach  
  129  9:07  Roach x2  
  129  9:08  Roach  
  137  9:12  Roach x2  
  137  9:16  Roach  
  137  9:17  Roach  
  145  9:22  Overlord x2  
  145  9:25  Overlord  
  145  9:30  Overlord  
  145  9:35  Overlord  
  145  9:39  Mutalisk  
  145  9:40  Mutalisk x5  
  145  9:42  Roach  
  161  9:45  Roach  
  161  9:47  Ravager x4  
  161  9:49  Overlord  
  161  9:50  Roach  
  161  9:51  Roach  
  161  9:52  Overseer  
  169  9:55  Roach x2  
  169  9:57  Roach  
  175  10:01  Overseer  
  175  10:10  Roach x7  
  175  10:12  Overlord  
  189  10:16  Roach  
  189  10:17  Roach x2  
  195  10:24  Ravager x2  
  195  10:26  Roach  
  189  10:39  Roach x10  
  165  10:43  Roach x2  
  131  10:55  Roach x8  
  133  10:58  Roach  
  133  10:59  Roach  
  117  11:05  Roach x2  
  111  11:15  Roach x4  
Tags
 
Add a new tag
Caveats
  • Supply blocks, unpowered buildings, or Contaminate may cause inaccurate times.
  • Supply counts are checked every 10 seconds.